Devils vs Capitals

Created - 17 avril 2020 at 15:32

Goals
1 2 3 T
Devils 2 0 0 2
Capitals 2 0 1 3
Shots
1 2 3 T
Devils 19 13 7 39
Capitals 10 10 14 34

1st period

1. Capitals , Elias Pettersson 27 (Jake Guentzel 31, Ben Chiarot 4) at 4:08
2. Devils , Jeff Skinner 23 (Michael Del Zotto 6, Alex DeBrincat 29) at 9:36
3. Capitals , Darren Helm 16 (Joel Eriksson Ek 9, Anton Stralman 11) at 11:15
4. Devils , Kyle Turris 17 (Sam Steel 22, Radek Faksa 24) at 19:06

Penalties :
Curtis McKenzie (WAS) for Tripping (Minor) at 16:20

2nd period

No Goal

Penalties :
No Penalty

3rd period

5. Capitals , Joel Eriksson Ek 5 (Darren Helm 14, Tyler Pitlick 10) at 8:15 (SH)

Penalties :
Ian Cole (WAS) for Holding (Minor) at 6:30, Radek Faksa (NJD) for Roughing (Minor) at 9:34, Ian Cole (WAS) for Roughing (Minor) at 13:37, Kyle Turris (NJD) for Tripping (Minor) at 19:12

Goalie Stats

Sergei Bobrovsky (NJD), 31 saves from 34 shots - (0,912), L, 38-20-6, 60:00 minutes
Samuel Montembeault (WAS), 37 saves from 39 shots - (0,949), W, 5-6-0, 60:00 minutes

Players Stats for Devils

Player Name              G  A  P  +/- PIM S  H  SB GA TA FO     MP     PP MP  PK MP  
------------------------------------------------------------------------------------
Alex DeBrincat           0  1  1   0  0   2  2  0  1  0  2/2    18:18   3:01   0:01 
Anze Kopitar             0  0  0  -1  0   2  2  1  0  0  14/23  18:17   2:56   0:53 
Cal O'Reilly             0  0  0   0  0   2  2  1  0  0  0/0    10:41   0:00   1:50 
Calvin de Haan           0  0  0  -3  0   5  5  0  0  0  0/0    25:25   2:20   1:58 
Dominik Kahun            0  0  0   0  0   4  1  0  0  1  0/0    12:42   0:00   0:00 
Jared Spurgeon           0  0  0   0  0   2  0  5  0  2  0/0    23:52   2:20   0:48 
Jeff Skinner             1  0  1   0  0   2  0  1  2  0  1/1    17:56   3:01   0:00 
Johnny Gaudreau          0  0  0  -1  0   2  1  0  2  0  1/1    17:24   2:56   0:00 
Jonathon Merrill         0  0  0  -2  0   3  1  1  0  2  0/0    17:32   0:00   0:00 
Kyle Turris              1  0  1   0  2   5  1  0  0  0  1/3    13:46   0:00   0:44 
Michael Del Zotto        0  1  1   1  0   1  1  0  1  1  0/0    12:10   0:00   0:00 
Neal Pionk               0  0  0   1  0   0  1  2  0  0  0/0    23:00   3:37   1:58 
Patrice Bergeron         0  0  0   0  0   5  3  0  4  1  12/23  17:56   3:01   0:00 
Pavel Buchnevich         0  0  0  -1  0   1  1  0  0  1  0/0    18:19   2:56   0:55 
Radek Faksa              0  1  1   0  2   1  1  1  0  1  2/5     9:58   0:00   0:47 
Sam Steel                0  1  1   0  0   1  0  0  0  0  3/8    13:04   0:00   0:22 
Torey Krug               0  0  0   1  0   1  0  0  0  1  0/0    18:01   3:37   0:48 
Valtteri Filppula        0  0  0   0  0   0  0  0  0  0  0/0     8:51   0:00   0:00 

Players Stats for Capitals

Player Name              G  A  P  +/- PIM S  H  SB GA TA FO     MP     PP MP  PK MP  
------------------------------------------------------------------------------------
Anton Stralman           0  1  1   3  0   2  1  3  1  2  0/0    19:15   1:32   2:06 
Ben Chiarot              0  1  1   3  0   2  2  3  1  0  0/0    17:07   0:00   1:16 
Brady Skjei              0  0  0   0  0   0  2  0  0  0  0/0    18:23   1:14   3:47 
Brock Nelson             0  0  0  -2  0   1  0  0  0  0  0/0    15:47   1:35   0:00 
Claude Giroux            0  0  0  -2  0   4  2  0  1  0  18/30  22:08   1:35   0:49 
Curtis McKenzie          0  0  0   0  2   0  1  0  0  0  0/0     6:52   0:00   0:00 
Damon Severson           0  0  0  -2  0   4  2  0  0  2  0/0    28:10   1:14   3:47 
Darren Helm              1  1  2   1  0   1  1  1  1  0  4/16   19:44   0:00   3:31 
Derek Grant              0  0  0   0  0   0  0  0  0  1  0/0     1:19   0:00   0:00 
Elias Pettersson         1  0  1   1  0   6  0  0  2  0  1/1    16:14   1:11   1:04 
Ian Cole                 0  0  0  -2  4   1  4  0  0  2  0/0    24:39   1:32   0:43 
Jake Guentzel            0  1  1   1  0   3  1  0  0  1  2/12   14:56   1:11   0:00 
Joel Eriksson Ek         1  1  2   2  0   3  0  0  0  0  0/0    17:28   0:00   1:07 
Josh Bailey              0  0  0   1  0   2  0  0  1  0  1/1    14:56   1:11   0:00 
Riley Sheahan            0  0  0   1  0   0  0  0  0  0  4/5     8:34   0:00   1:41 
Tomas Tatar              0  0  0  -2  0   1  0  0  3  0  0/1    15:47   1:35   0:00 
Tyler Pitlick            0  1  1   1  0   4  3  0  0  0  0/0    19:55   0:00   3:42 
Zach Bogosian            0  0  0   0  0   0  1  0  0  2  0/0    12:46   0:00   0:15 

3 Stars

1 - Joel Eriksson Ek (WAS)
2 - Darren Helm (WAS)
3 - Samuel Montembeault (WAS)

Power Play

Devils - 0 on 3 Attempt(s) - 0,00%
Capitals - 0 on 2 Attempt(s) - 0,00%

Penalty Kill

Devils - 2 on 2 Attempt(s) - 100,00% - Score 0 goal in Penalty Kill
Capitals - 3 on 3 Attempt(s) - 100,00% - Score 1 goal in Penalty Kill

Team Stat

Devils - Hits : 22 - Faceoff Wins : 36 - Blocked Shots : 12 - Penalty Minutes : 4
Capitals - Hits : 20 - Faceoff Wins : 30 - Blocked Shots : 7 - Penalty Minutes : 6

Official

Referees : Tom Chmielewski and Rob Martell
Linesman : Mark Wheler and Derek Amell

Game Notes

No Game Note

Finance

Level 1 -- Attendance: 4362 (72,70%) -- Ticket Income 436 200 $
Level 2 -- Attendance: 3331 (66,62%) -- Ticket Income 233 170 $
Level 3 -- Attendance: 1292 (64,60%) -- Ticket Income 54 264 $
Level 4 -- Attendance: 2538 (63,45%) -- Ticket Income 63 450 $
Luxury Box -- Attendance: 725 (72,50%) -- Ticket Income 141 375 $
Game was played at the Washington Arena.
Total Attendance: 12248 (68,04%)
Total Ticket Income: 928 459 $
Other Income: 454 945 $
Total Income: 1 383 404 $

Devils

5 vs 5 Forward 
   Center                   Left Wing                Right Wing               Time % Phy DF OF 
 1 Patrice Bergeron         Jeff Skinner             Alex DeBrincat           34     0   1  4  
 2 Anze Kopitar             Johnny Gaudreau          Pavel Buchnevich         34     0   1  4  
 3 Sam Steel                Dominik Kahun            Kyle Turris              22     0   1  4  
 4 Radek Faksa              Valtteri Filppula        Cal O'Reilly             10     0   2  3  

5 vs 5 Defense 
   Defense                  Defense                                           Time % Phy DF OF 
 1 Jared Spurgeon           Neal Pionk                                        37     0   2  3  
 2 Jonathon Merrill         Calvin de Haan                                    37     0   2  3  
 3 Michael Del Zotto        Torey Krug                                        20     1   3  1  
 4 Jared Spurgeon           Calvin de Haan                                    6      1   3  1  

PowerPlay Forward 
   Center                   Left Wing                Right Wing               Time % Phy DF OF 
 1 Patrice Bergeron         Jeff Skinner             Alex DeBrincat           50     0   0  5  
 2 Anze Kopitar             Johnny Gaudreau          Pavel Buchnevich         50     0   0  5  

PowerPlay Defense
   Defense                  Defense                                           Time % Phy DF OF 
 1 Torey Krug               Neal Pionk                                        67     0   0  5  
 2 Calvin de Haan           Jared Spurgeon                                    33     0   0  5  

Penalty Kill 4 Players Forward 
   Center                   Wing                     Time % Phy DF OF 
 1 Radek Faksa              Cal O'Reilly             60     1   4  0  
 2 Valtteri Filppula        Sam Steel                40     1   4  0  

Penalty Kill 4 Players Defense
   Defense                  Defense                  Time % Phy DF OF 
 1 Calvin de Haan           Neal Pionk               55     1   4  0  
 2 Jared Spurgeon           Torey Krug               45     1   4  0  

Penalty Kill - 3 Players Forward 
   Forward                                           Time % Phy DF OF 
 1 Radek Faksa                                       60     0   5  0  
 2 Valtteri Filppula                                 40     0   5  0  

Penalty Kill - 3 Players Defense
   Defense                  Defense                  Time % Phy DF OF 
 1 Calvin de Haan           Torey Krug               59     1   4  0  
 2 Jared Spurgeon           Michael Del Zotto        41     1   4  0  

4 vs 4 Forward 
   Center                   Wing                     Time % Phy DF OF 
 1 Jeff Skinner             Johnny Gaudreau          50     0   1  4  
 2 Anze Kopitar             Alex DeBrincat           50     0   1  4  

4 vs 4 Defense
   Defense                  Defense                  Time % Phy DF OF 
 1 Torey Krug               Calvin de Haan           52     1   2  2  
 2 Jared Spurgeon           Jonathon Merrill         48     1   2  2  

Last Minutes Offensive
   Center                   Left Wing                Right Wing               Defense                  Defense                  
   Patrice Bergeron         Jeff Skinner             Johnny Gaudreau          Torey Krug               Jared Spurgeon           

Last Minutes Defensive
   Center                   Left Wing                Right Wing               Defense                  Defense                  
   Anze Kopitar             Valtteri Filppula        Cal O'Reilly             Jared Spurgeon           Neal Pionk               

Goaltenders
Starting : Sergei Bobrovsky         
Backup : Devan Dubnyk             

Extra Forwards
Normal : Anze Kopitar, Patrice Bergeron, Kyle Turris - PP : Anze Kopitar, Patrice Bergeron - PK : Kyle Turris
Extra Defensemen
Normal : Calvin de Haan, Torey Krug, Jared Spurgeon - PP : Jared Spurgeon - PK : Calvin de Haan, Jared Spurgeon
Penalty Shots
Johnny Gaudreau, Anze Kopitar, Calvin de Haan, Kyle Turris, Patrice Bergeron
Custom OT Lines Forwards
Valtteri Filppula, Pavel Buchnevich, Jeff Skinner, Sam Steel, Alex DeBrincat, Anze Kopitar, Patrice Bergeron, Radek Faksa, Kyle Turris, Johnny Gaudreau
Custom OT Lines Defensemen
Torey Krug, Neal Pionk, Jared Spurgeon, Calvin de Haan, Jonathon Merrill

Scratches
Brandon Carlo (Healthy), Jesper Fast (Healthy), Roope Hintz (Healthy)

Capitals

5 vs 5 Forward 
   Center                   Left Wing                Right Wing               Time % Phy DF OF 
 1 Claude Giroux            Brock Nelson             Tomas Tatar              32     1   2  2  
 2 Jake Guentzel            Elias Pettersson         Josh Bailey              28     1   2  2  
 3 Darren Helm              Joel Eriksson Ek         Tyler Pitlick            25     1   2  2  
 4 Riley Sheahan            Curtis McKenzie          Claude Giroux            15     1   2  2  

5 vs 5 Defense 
   Defense                  Defense                                           Time % Phy DF OF 
 1 Damon Severson           Ian Cole                                          40     1   2  2  
 2 Ben Chiarot              Anton Stralman                                    30     1   2  2  
 3 Zach Bogosian            Brady Skjei                                       20     1   2  2  
 4 Damon Severson           Ian Cole                                          10     1   2  2  

PowerPlay Forward 
   Center                   Left Wing                Right Wing               Time % Phy DF OF 
 1 Claude Giroux            Brock Nelson             Tomas Tatar              60     1   2  2  
 2 Jake Guentzel            Elias Pettersson         Josh Bailey              40     1   2  2  

PowerPlay Defense
   Defense                  Defense                                           Time % Phy DF OF 
 1 Damon Severson           Brady Skjei                                       60     1   2  2  
 2 Ian Cole                 Anton Stralman                                    40     1   2  2  

Penalty Kill 4 Players Forward 
   Center                   Wing                     Time % Phy DF OF 
 1 Darren Helm              Tyler Pitlick            60     1   2  2  
 2 Riley Sheahan            Joel Eriksson Ek         40     1   2  2  

Penalty Kill 4 Players Defense
   Defense                  Defense                  Time % Phy DF OF 
 1 Damon Severson           Brady Skjei              60     1   2  2  
 2 Ian Cole                 Anton Stralman           40     1   2  2  

Penalty Kill - 3 Players Forward 
   Forward                                           Time % Phy DF OF 
 1 Darren Helm                                       60     1   2  2  
 2 Riley Sheahan                                     40     1   2  2  

Penalty Kill - 3 Players Defense
   Defense                  Defense                  Time % Phy DF OF 
 1 Damon Severson           Brady Skjei              60     1   2  2  
 2 Ian Cole                 Anton Stralman           40     1   2  2  

4 vs 4 Forward 
   Center                   Wing                     Time % Phy DF OF 
 1 Claude Giroux            Brock Nelson             60     1   2  2  
 2 Elias Pettersson         Jake Guentzel            40     1   2  2  

4 vs 4 Defense
   Defense                  Defense                  Time % Phy DF OF 
 1 Damon Severson           Brady Skjei              60     1   2  2  
 2 Ian Cole                 Anton Stralman           40     1   2  2  

Last Minutes Offensive
   Center                   Left Wing                Right Wing               Defense                  Defense                  
   Claude Giroux            Brock Nelson             Tomas Tatar              Damon Severson           Brady Skjei              

Last Minutes Defensive
   Center                   Left Wing                Right Wing               Defense                  Defense                  
   Claude Giroux            Brock Nelson             Tomas Tatar              Damon Severson           Brady Skjei              

Goaltenders
Starting : Samuel Montembeault      
Backup : Zachary Fucale           

Extra Forwards
Normal : Derek Grant, Darren Helm, Riley Sheahan - PP : Derek Grant, Darren Helm - PK : Riley Sheahan
Extra Defensemen
Normal : Zach Bogosian, Ben Chiarot, Ian Cole - PP : Zach Bogosian - PK : Ben Chiarot, Ian Cole
Penalty Shots
Claude Giroux, Brock Nelson, Elias Pettersson, Jake Guentzel, Tomas Tatar
Custom OT Lines Forwards
Claude Giroux, Brock Nelson, Elias Pettersson, Jake Guentzel, Tomas Tatar, Josh Bailey, Darren Helm, Riley Sheahan, Tyler Pitlick, Derek Grant
Custom OT Lines Defensemen
Damon Severson, Brady Skjei, Ian Cole, Anton Stralman, Zach Bogosian

Scratches
Oliver Ekman-Larsson (Healthy), Henrik Lundqvist (Suspend)

% Time on Ice - Devils

Lines # - Real PCT - Wanted PCT - Time Play
Normal Forward
1 - 30% - 34% - 15:16
2 - 28% - 34% - 14:28
3 - 25% - 22% - 12:42
4 - 17% - 10% - 8:51
Normal Defense
1 - 34% - 37% - 17:25
2 - 36% - 37% - 18:37
3 - 24% - 20% - 12:10
4 - 6% - 6% - 3:05
PP Forward
1 - 51% - 50% - 3:01
2 - 49% - 50% - 2:56
PP Defense
1 - 61% - 67% - 3:37
2 - 39% - 33% - 2:20
PK Forward
1 - 100% - 60% - 2:46
2 - 0% - 40% - 0:00
PK Defense
1 - 71% - 55% - 1:58
2 - 29% - 45% - 0:48
PK3 Forward
1 - 0% - 60%
2 - 0% - 40%
PK3 Defense
1 - 0% - 59%
2 - 0% - 41%
44 Forward
1 - 0% - 50%
2 - 0% - 50%
44 Defense
1 - 0% - 52%
2 - 0% - 48%
Last Minute Offensive  - 0:00
Last Minute Defensive  - 0:00
Total
Forward - 60:00
Defense - 60:00

% Time on Ice - Capitals

Lines # - Real PCT - Wanted PCT - Time Play
Normal Forward
1 - 28% - 32% - 14:34
2 - 27% - 28% - 14:01
3 - 31% - 25% - 16:05
4 - 13% - 15% - 6:37
Normal Defense
1 - 39% - 40% - 19:46
2 - 31% - 30% - 15:51
3 - 24% - 20% - 12:17
4 - 7% - 10% - 3:23
PP Forward
1 - 57% - 60% - 1:35
2 - 43% - 40% - 1:11
PP Defense
1 - 45% - 60% - 1:14
2 - 55% - 40% - 1:32
PK Forward
1 - 81% - 60% - 4:50
2 - 19% - 40% - 1:07
PK Defense
1 - 64% - 60% - 3:47
2 - 36% - 40% - 2:10
PK3 Forward
1 - 0% - 60%
2 - 0% - 40%
PK3 Defense
1 - 0% - 60%
2 - 0% - 40%
44 Forward
1 - 0% - 60%
2 - 0% - 40%
44 Defense
1 - 0% - 60%
2 - 0% - 40%
Last Minute Offensive  - 0:00
Last Minute Defensive  - 0:00
Total
Forward - 60:00
Defense - 60:00

Play-by-Play

1st period


0:01 of 1st period - Claude Giroux wins face-off versus Patrice Bergeron in neutral zone.
0:16 of 1st period - Slapshot by Tomas Tatar.
0:16 of 1st period - Shot Misses the Net.
1:08 of 1st period - Cal O'Reilly is hit by Curtis McKenzie and loses puck.
1:21 of 1st period - Snap shot by Curtis McKenzie.
1:21 of 1st period - Shot Misses the Net.
1:43 of 1st period - Patrice Bergeron is hit by Jake Guentzel and loses puck.
2:29 of 1st period - Snap shot by Kyle Turris.
2:29 of 1st period - Stopped by Samuel Montembeault with a rebound.
2:47 of 1st period - Wrist shot by Elias Pettersson.
2:47 of 1st period - Stopped by Sergei Bobrovsky with a rebound.
3:10 of 1st period - Ian Cole is hit by Anze Kopitar and loses puck.
3:17 of 1st period - Anze Kopitar is hit by Damon Severson and loses puck.
3:34 of 1st period - Wrist shot by Dominik Kahun.
3:34 of 1st period - Stopped by Samuel Montembeault without a rebound.
3:35 of 1st period - Jake Guentzel wins face-off versus Sam Steel in Capitals zone.
3:46 of 1st period - Wrist shot by Sam Steel.
3:46 of 1st period - Stopped by Samuel Montembeault with a rebound.
3:48 of 1st period - Snap shot by Sam Steel.
3:48 of 1st period - Shot Misses the Net.
3:52 of 1st period - Snap shot by Kyle Turris.
3:52 of 1st period - Stopped by Samuel Montembeault with a rebound.
3:54 of 1st period - Wrist shot by Torey Krug.
3:54 of 1st period - Shot Blocked by Ben Chiarot.
3:56 of 1st period - Snap shot by Sam Steel.
3:56 of 1st period - Shot Blocked by Anton Stralman.
4:08 of 1st period - Snap shot by Elias Pettersson.
4:08 of 1st period - Goal by Elias Pettersson - Devils : 0 - Capitals : 1.
4:09 of 1st period - Alex DeBrincat wins face-off versus Claude Giroux in neutral zone.
4:19 of 1st period - Wrist shot by Tomas Tatar.
4:19 of 1st period - Deflect By Calvin de Haan.
4:19 of 1st period - Stopped by Sergei Bobrovsky without a rebound.
4:20 of 1st period - Claude Giroux wins face-off versus Anze Kopitar in Devils zone.
4:27 of 1st period - Slapshot by Claude Giroux.
4:27 of 1st period - Shot Misses the Net.
4:30 of 1st period - Icing by Jonathon Merrill.
4:31 of 1st period - Darren Helm wins face-off versus Anze Kopitar in Devils zone.
4:32 of 1st period - Snap shot by Tyler Pitlick.
4:32 of 1st period - Stopped by Sergei Bobrovsky with a rebound.
4:48 of 1st period - Snap shot by Johnny Gaudreau.
4:48 of 1st period - Deflect By Tyler Pitlick.
4:48 of 1st period - Shot Misses the Net.
4:48 of 1st period - Puck is out of play.
4:49 of 1st period - Claude Giroux wins face-off versus Patrice Bergeron in Capitals zone.
5:16 of 1st period - Darren Helm is hit by Anze Kopitar and loses puck.
5:27 of 1st period - Snap shot by Johnny Gaudreau.
5:27 of 1st period - Stopped by Samuel Montembeault with a rebound.
7:11 of 1st period - Snap shot by Tyler Pitlick.
7:11 of 1st period - Stopped by Sergei Bobrovsky without a rebound.
7:12 of 1st period - Josh Bailey wins face-off versus Patrice Bergeron in Devils zone.
7:51 of 1st period - Brock Nelson is hit by Johnny Gaudreau and loses puck.
8:02 of 1st period - Neal Pionk is hit by Brady Skjei and loses puck.
8:47 of 1st period - Snap shot by Jeff Skinner.
8:47 of 1st period - Deflect By Patrice Bergeron.
8:47 of 1st period - Stopped by Samuel Montembeault with a rebound.
8:49 of 1st period - Slapshot by Calvin de Haan.
8:49 of 1st period - Shot Blocked by Anton Stralman.
8:51 of 1st period - Slapshot by Jonathon Merrill.
8:51 of 1st period - Deflect By Anton Stralman.
8:51 of 1st period - Stopped by Samuel Montembeault with a rebound.
8:53 of 1st period - Wrist shot by Patrice Bergeron.
8:53 of 1st period - Stopped by Samuel Montembeault without a rebound.
8:54 of 1st period - Riley Sheahan wins face-off versus Patrice Bergeron in Capitals zone.
8:54 of 1st period - Riley Sheahan is hit by Jonathon Merrill.
9:14 of 1st period - Snap shot by Patrice Bergeron.
9:14 of 1st period - Stopped by Samuel Montembeault with a rebound.
9:16 of 1st period - Slapshot by Calvin de Haan.
9:16 of 1st period - Stopped by Samuel Montembeault with a rebound.
9:24 of 1st period - Snap shot by Patrice Bergeron.
9:24 of 1st period - Shot Misses the Net.
9:32 of 1st period - Snap shot by Alex DeBrincat.
9:32 of 1st period - Stopped by Samuel Montembeault with a rebound.
9:34 of 1st period - Slapshot by Michael Del Zotto.
9:34 of 1st period - Shot Misses the Net.
9:36 of 1st period - Wrist shot by Jeff Skinner.
9:36 of 1st period - Goal by Jeff Skinner - Devils : 1 - Capitals : 1.
9:37 of 1st period - Claude Giroux wins face-off versus Anze Kopitar in neutral zone.
9:42 of 1st period - Snap shot by Brock Nelson.
9:42 of 1st period - Stopped by Sergei Bobrovsky without a rebound.
9:43 of 1st period - Anze Kopitar wins face-off versus Claude Giroux in Devils zone.
10:12 of 1st period - Snap shot by Jake Guentzel.
10:12 of 1st period - Stopped by Sergei Bobrovsky with a rebound.
10:14 of 1st period - Wrist shot by Damon Severson.
10:14 of 1st period - Shot Blocked by Jonathon Merrill.
10:16 of 1st period - Slapshot by Damon Severson.
10:16 of 1st period - Stopped by Sergei Bobrovsky without a rebound.
10:17 of 1st period - Kyle Turris wins face-off versus Jake Guentzel in Devils zone.
10:30 of 1st period - Wrist shot by Dominik Kahun.
10:30 of 1st period - Stopped by Samuel Montembeault without a rebound.
10:31 of 1st period - Claude Giroux wins face-off versus Anze Kopitar in Capitals zone.
10:37 of 1st period - Off-side.
10:38 of 1st period - Claude Giroux wins face-off versus Anze Kopitar in neutral zone.
10:51 of 1st period - Neal Pionk is hit by Claude Giroux and loses puck.
11:05 of 1st period - Off-side.
11:06 of 1st period - Patrice Bergeron wins face-off versus Darren Helm in neutral zone.
11:13 of 1st period - Slapshot by Joel Eriksson Ek.
11:13 of 1st period - Shot Misses the Net.
11:15 of 1st period - Slapshot by Darren Helm.
11:15 of 1st period - Goal by Darren Helm - Devils : 1 - Capitals : 2.
11:16 of 1st period - Anze Kopitar wins face-off versus Claude Giroux in neutral zone.
12:28 of 1st period - Tomas Tatar is hit by Neal Pionk and loses puck.
13:13 of 1st period - Snap shot by Anze Kopitar.
13:13 of 1st period - Stopped by Samuel Montembeault with a rebound.
13:15 of 1st period - Wrist shot by Anze Kopitar.
13:15 of 1st period - Shot Misses the Net.
13:17 of 1st period - Snap shot by Jared Spurgeon.
13:17 of 1st period - Stopped by Samuel Montembeault without a rebound.
13:18 of 1st period - Patrice Bergeron wins face-off versus Claude Giroux in Capitals zone.
14:26 of 1st period - Riley Sheahan is hit by Cal O'Reilly and loses puck.
14:35 of 1st period - Claude Giroux is hit by Cal O'Reilly and loses puck.
14:46 of 1st period - Patrice Bergeron is hit by Ian Cole.
14:55 of 1st period - Off-side.
14:56 of 1st period - Anze Kopitar wins face-off versus Darren Helm in neutral zone.
15:32 of 1st period - Claude Giroux is hit by Alex DeBrincat and loses puck.
15:47 of 1st period - Jake Guentzel is hit by Calvin de Haan and loses puck.
16:10 of 1st period - Snap shot by Johnny Gaudreau.
16:10 of 1st period - Shot Misses the Net.
16:12 of 1st period - Slapshot by Calvin de Haan.
16:12 of 1st period - Stopped by Samuel Montembeault with a rebound.
16:14 of 1st period - Slapshot by Jonathon Merrill.
16:14 of 1st period - Stopped by Samuel Montembeault with a rebound.
16:20 of 1st period - Minor Penalty to Curtis McKenzie for Tripping.
16:21 of 1st period - Patrice Bergeron wins face-off versus Darren Helm in Capitals zone.
17:40 of 1st period - Wrist shot by Elias Pettersson.
17:40 of 1st period - Stopped by Sergei Bobrovsky with a rebound.
18:08 of 1st period - Tyler Pitlick is hit by Alex DeBrincat and loses puck.
18:19 of 1st period - Snap shot by Riley Sheahan.
18:19 of 1st period - Shot Misses the Net.
18:20 of 1st period - Penalty to Curtis McKenzie is over, Curtis McKenzie is back on ice.
18:33 of 1st period - Slapshot by Radek Faksa.
18:33 of 1st period - Shot Misses the Net.
18:35 of 1st period - Snap shot by Cal O'Reilly.
18:35 of 1st period - Stopped by Samuel Montembeault without a rebound.
18:36 of 1st period - Radek Faksa wins face-off versus Jake Guentzel in Capitals zone.
18:53 of 1st period - Anton Stralman is hit by Michael Del Zotto and loses puck.
19:06 of 1st period - Wrist shot by Kyle Turris.
19:06 of 1st period - Goal by Kyle Turris - Devils : 2 - Capitals : 2.
19:07 of 1st period - Claude Giroux wins face-off versus Patrice Bergeron in neutral zone.
Goals for this period are 2 for Devils vs 2 for Capitals.
Shots for this period are 19 for Devils vs 10 for Capitals.

2nd period


0:01 of 2nd period - Claude Giroux wins face-off versus Patrice Bergeron in neutral zone.
0:03 of 2nd period - Off-side.
0:04 of 2nd period - Claude Giroux wins face-off versus Patrice Bergeron in neutral zone.
0:21 of 2nd period - Snap shot by Claude Giroux.
0:21 of 2nd period - Stopped by Sergei Bobrovsky without a rebound.
0:22 of 2nd period - Anze Kopitar wins face-off versus Darren Helm in Devils zone.
0:31 of 2nd period - Snap shot by Tyler Pitlick.
0:31 of 2nd period - Shot Blocked by Neal Pionk.
0:33 of 2nd period - Wrist shot by Darren Helm.
0:33 of 2nd period - Deflect By Joel Eriksson Ek.
0:33 of 2nd period - Stopped by Sergei Bobrovsky without a rebound.
0:34 of 2nd period - Claude Giroux wins face-off versus Patrice Bergeron in Devils zone.
2:08 of 2nd period - Torey Krug is hit by Anton Stralman and loses puck.
2:27 of 2nd period - Snap shot by Dominik Kahun.
2:27 of 2nd period - Stopped by Samuel Montembeault with a rebound.
2:29 of 2nd period - Snap shot by Sam Steel.
2:29 of 2nd period - Shot Misses the Net.
2:31 of 2nd period - Snap shot by Dominik Kahun.
2:31 of 2nd period - Shot Misses the Net.
2:55 of 2nd period - Wrist shot by Radek Faksa.
2:55 of 2nd period - Shot Misses the Net.
3:03 of 2nd period - Snap shot by Cal O'Reilly.
3:03 of 2nd period - Stopped by Samuel Montembeault with a rebound.
3:05 of 2nd period - Slapshot by Calvin de Haan.
3:05 of 2nd period - Stopped by Samuel Montembeault with a rebound.
3:07 of 2nd period - Snap shot by Jonathon Merrill.
3:07 of 2nd period - Stopped by Samuel Montembeault with a rebound.
3:27 of 2nd period - Slapshot by Pavel Buchnevich.
3:27 of 2nd period - Stopped by Samuel Montembeault without a rebound.
3:28 of 2nd period - Alex DeBrincat wins face-off versus Darren Helm in Capitals zone.
4:21 of 2nd period - Off-side.
4:22 of 2nd period - Elias Pettersson wins face-off versus Sam Steel in neutral zone.
4:35 of 2nd period - Snap shot by Kyle Turris.
4:35 of 2nd period - Stopped by Samuel Montembeault without a rebound.
4:36 of 2nd period - Patrice Bergeron wins face-off versus Claude Giroux in Capitals zone.
5:03 of 2nd period - Tomas Tatar is hit by Calvin de Haan and loses puck.
5:30 of 2nd period - Off-side.
5:31 of 2nd period - Jeff Skinner wins face-off versus Darren Helm in neutral zone.
5:42 of 2nd period - Slapshot by Alex DeBrincat.
5:42 of 2nd period - Stopped by Samuel Montembeault with a rebound.
5:48 of 2nd period - Backhand shot by Darren Helm.
5:48 of 2nd period - Shot Misses the Net.
5:50 of 2nd period - Wrist shot by Ben Chiarot.
5:50 of 2nd period - Stopped by Sergei Bobrovsky without a rebound.
5:51 of 2nd period - Anze Kopitar wins face-off versus Jake Guentzel in Devils zone.
5:56 of 2nd period - Zach Bogosian is hit by Calvin de Haan and loses puck.
6:40 of 2nd period - Slapshot by Kyle Turris.
6:40 of 2nd period - Shot Misses the Net.
6:42 of 2nd period - Snap shot by Sam Steel.
6:42 of 2nd period - Shot Misses the Net.
6:44 of 2nd period - Wrist shot by Sam Steel.
6:44 of 2nd period - Shot Misses the Net.
6:46 of 2nd period - Slapshot by Michael Del Zotto.
6:46 of 2nd period - Stopped by Samuel Montembeault with a rebound.
7:18 of 2nd period - Icing by Ian Cole.
7:19 of 2nd period - Patrice Bergeron wins face-off versus Claude Giroux in Capitals zone.
8:02 of 2nd period - Wrist shot by Brock Nelson.
8:02 of 2nd period - Shot Blocked by Jared Spurgeon.
8:04 of 2nd period - Wrist shot by Claude Giroux.
8:04 of 2nd period - Shot Misses the Net.
8:06 of 2nd period - Slapshot by Damon Severson.
8:06 of 2nd period - Stopped by Sergei Bobrovsky with a rebound.
8:08 of 2nd period - Slapshot by Ian Cole.
8:08 of 2nd period - Deflect By Claude Giroux.
8:08 of 2nd period - Stopped by Sergei Bobrovsky with a rebound.
8:10 of 2nd period - Snap shot by Claude Giroux.
8:10 of 2nd period - Stopped by Sergei Bobrovsky without a rebound.
8:11 of 2nd period - Jake Guentzel wins face-off versus Anze Kopitar in Devils zone.
8:38 of 2nd period - Jake Guentzel is hit by Radek Faksa.
8:46 of 2nd period - Snap shot by Elias Pettersson.
8:46 of 2nd period - Shot Misses the Net.
9:06 of 2nd period - Dominik Kahun is hit by Darren Helm and loses puck.
9:31 of 2nd period - Johnny Gaudreau is hit by Ben Chiarot and loses puck.
10:05 of 2nd period - Slapshot by Sam Steel.
10:05 of 2nd period - Shot Blocked by Darren Helm.
10:32 of 2nd period - Wrist shot by Radek Faksa.
10:32 of 2nd period - Stopped by Samuel Montembeault without a rebound.
10:33 of 2nd period - Riley Sheahan wins face-off versus Radek Faksa in Capitals zone.
10:38 of 2nd period - Riley Sheahan is hit by Calvin de Haan and loses puck.
11:06 of 2nd period - Snap shot by Patrice Bergeron.
11:06 of 2nd period - Shot Blocked by Ben Chiarot.
11:08 of 2nd period - Slapshot by Calvin de Haan.
11:08 of 2nd period - Stopped by Samuel Montembeault with a rebound.
11:22 of 2nd period - Snap shot by Elias Pettersson.
11:22 of 2nd period - Shot Misses the Net.
11:24 of 2nd period - Slapshot by Josh Bailey.
11:24 of 2nd period - Shot Misses the Net.
11:26 of 2nd period - Backhand shot by Josh Bailey.
11:26 of 2nd period - Stopped by Sergei Bobrovsky with a rebound.
11:30 of 2nd period - Snap shot by Elias Pettersson.
11:30 of 2nd period - Stopped by Sergei Bobrovsky with a rebound.
11:32 of 2nd period - Slapshot by Damon Severson.
11:32 of 2nd period - Stopped by Sergei Bobrovsky with a rebound.
11:34 of 2nd period - Snap shot by Jake Guentzel.
11:34 of 2nd period - Shot Blocked by Jared Spurgeon.
11:36 of 2nd period - Snap shot by Ian Cole.
11:36 of 2nd period - Stopped by Sergei Bobrovsky with a rebound.
11:46 of 2nd period - Kyle Turris is hit by Tyler Pitlick and loses puck.
12:04 of 2nd period - Icing by Ian Cole.
12:05 of 2nd period - Darren Helm wins face-off versus Radek Faksa in Capitals zone.
12:16 of 2nd period - Snap shot by Josh Bailey.
12:16 of 2nd period - Deflect By Elias Pettersson.
12:16 of 2nd period - Deflect By Valtteri Filppula.
12:16 of 2nd period - Shot Misses the Net.
12:16 of 2nd period - Puck is out of play.
12:17 of 2nd period - Anze Kopitar wins face-off versus Jake Guentzel in Devils zone.
12:30 of 2nd period - Backhand shot by Jared Spurgeon.
12:30 of 2nd period - Stopped by Samuel Montembeault without a rebound.
12:31 of 2nd period - Patrice Bergeron wins face-off versus Claude Giroux in Capitals zone.
12:46 of 2nd period - Slapshot by Jeff Skinner.
12:46 of 2nd period - Stopped by Samuel Montembeault with a rebound.
13:30 of 2nd period - Off-side.
13:31 of 2nd period - Patrice Bergeron wins face-off versus Claude Giroux in neutral zone.
13:34 of 2nd period - Ben Chiarot is hit by Patrice Bergeron and loses puck.
16:56 of 2nd period - Slapshot by Torey Krug.
16:56 of 2nd period - Deflect By Sam Steel.
16:56 of 2nd period - Shot Misses the Net.
16:56 of 2nd period - Puck is out of play.
16:57 of 2nd period - Anze Kopitar wins face-off versus Riley Sheahan in Capitals zone.
17:14 of 2nd period - Slapshot by Anze Kopitar.
17:14 of 2nd period - Shot Misses the Net.
17:24 of 2nd period - Zach Bogosian is hit by Calvin de Haan and loses puck.
17:53 of 2nd period - Off-side.
17:54 of 2nd period - Anze Kopitar wins face-off versus Claude Giroux in neutral zone.
17:56 of 2nd period - Off-side.
17:57 of 2nd period - Anze Kopitar wins face-off versus Claude Giroux in neutral zone.
18:06 of 2nd period - Snap shot by Anze Kopitar.
18:06 of 2nd period - Shot Misses the Net.
18:08 of 2nd period - Slapshot by Calvin de Haan.
18:08 of 2nd period - Stopped by Samuel Montembeault with a rebound.
18:10 of 2nd period - Snap shot by Pavel Buchnevich.
18:10 of 2nd period - Shot Misses the Net.
18:12 of 2nd period - Slapshot by Pavel Buchnevich.
18:12 of 2nd period - Deflect By Anze Kopitar.
18:12 of 2nd period - Shot Misses the Net.
18:12 of 2nd period - Puck is out of play.
18:13 of 2nd period - Patrice Bergeron wins face-off versus Jake Guentzel in Capitals zone.
18:17 of 2nd period - Icing by Ian Cole.
18:18 of 2nd period - Patrice Bergeron wins face-off versus Jake Guentzel in Capitals zone.
18:55 of 2nd period - Backhand shot by Elias Pettersson.
18:55 of 2nd period - Shot Blocked by Jared Spurgeon.
19:51 of 2nd period - Snap shot by Elias Pettersson.
19:51 of 2nd period - Shot Misses the Net.
19:54 of 2nd period - Icing by Jared Spurgeon.
19:55 of 2nd period - Claude Giroux wins face-off versus Patrice Bergeron in Devils zone.
19:58 of 2nd period - Snap shot by Claude Giroux.
19:58 of 2nd period - Deflect By Tomas Tatar.
19:58 of 2nd period - Shot Misses the Net.
19:58 of 2nd period - Puck is out of play.
19:59 of 2nd period - Claude Giroux wins face-off versus Anze Kopitar in Devils zone.
Goals for this period are 0 for Devils vs 0 for Capitals.
Shots for this period are 13 for Devils vs 10 for Capitals.

3rd period


0:01 of 3rd period - Claude Giroux wins face-off versus Anze Kopitar in neutral zone.
0:08 of 3rd period - Snap shot by Anze Kopitar.
0:08 of 3rd period - Stopped by Samuel Montembeault without a rebound.
0:09 of 3rd period - Anze Kopitar wins face-off versus Claude Giroux in Capitals zone.
1:20 of 3rd period - Wrist shot by Anze Kopitar.
1:20 of 3rd period - Shot Misses the Net.
1:22 of 3rd period - Snap shot by Anze Kopitar.
1:22 of 3rd period - Shot Misses the Net.
1:36 of 3rd period - Snap shot by Tomas Tatar.
1:36 of 3rd period - Deflect By Claude Giroux.
1:36 of 3rd period - Shot Blocked by Anze Kopitar.
1:36 of 3rd period - Puck is out of play.
1:37 of 3rd period - Darren Helm wins face-off versus Sam Steel in Devils zone.
1:38 of 3rd period - Slapshot by Joel Eriksson Ek.
1:38 of 3rd period - Stopped by Sergei Bobrovsky without a rebound.
1:39 of 3rd period - Sam Steel wins face-off versus Darren Helm in Devils zone.
1:39 of 3rd period - Sam Steel is hit by Ian Cole.
2:18 of 3rd period - Slapshot by Ian Cole.
2:18 of 3rd period - Shot Misses the Net.
2:20 of 3rd period - Snap shot by Tyler Pitlick.
2:20 of 3rd period - Stopped by Sergei Bobrovsky with a rebound.
2:56 of 3rd period - Snap shot by Tyler Pitlick.
2:56 of 3rd period - Shot Blocked by Jared Spurgeon.
3:06 of 3rd period - Cal O'Reilly is hit by Tyler Pitlick and loses puck.
3:11 of 3rd period - Snap shot by Joel Eriksson Ek.
3:11 of 3rd period - Shot Blocked by Jared Spurgeon.
3:33 of 3rd period - Snap shot by Darren Helm.
3:33 of 3rd period - Shot Blocked by Neal Pionk.
3:35 of 3rd period - Snap shot by Tyler Pitlick.
3:35 of 3rd period - Stopped by Sergei Bobrovsky with a rebound.
4:03 of 3rd period - Slapshot by Tyler Pitlick.
4:03 of 3rd period - Shot Misses the Net.
4:05 of 3rd period - Wrist shot by Joel Eriksson Ek.
4:05 of 3rd period - Shot Misses the Net.
4:07 of 3rd period - Slapshot by Damon Severson.
4:07 of 3rd period - Shot Misses the Net.
4:09 of 3rd period - Slapshot by Ian Cole.
4:09 of 3rd period - Shot Blocked by Cal O'Reilly.
4:11 of 3rd period - Slapshot by Damon Severson.
4:11 of 3rd period - Deflect By Jared Spurgeon.
4:11 of 3rd period - Stopped by Sergei Bobrovsky without a rebound.
4:12 of 3rd period - Claude Giroux wins face-off versus Anze Kopitar in Devils zone.
4:39 of 3rd period - Josh Bailey is hit by Patrice Bergeron and loses puck.
5:00 of 3rd period - Snap shot by Claude Giroux.
5:00 of 3rd period - Stopped by Sergei Bobrovsky without a rebound.
5:01 of 3rd period - Riley Sheahan wins face-off versus Sam Steel in Devils zone.
5:16 of 3rd period - Snap shot by Sam Steel.
5:16 of 3rd period - Shot Blocked by Anton Stralman.
5:36 of 3rd period - Wrist shot by Elias Pettersson.
5:36 of 3rd period - Stopped by Sergei Bobrovsky with a rebound.
5:38 of 3rd period - Wrist shot by Jake Guentzel.
5:38 of 3rd period - Stopped by Sergei Bobrovsky without a rebound.
5:39 of 3rd period - Anze Kopitar wins face-off versus Jake Guentzel in Devils zone.
5:44 of 3rd period - Snap shot by Elias Pettersson.
5:44 of 3rd period - Stopped by Sergei Bobrovsky with a rebound.
5:46 of 3rd period - Wrist shot by Josh Bailey.
5:46 of 3rd period - Stopped by Sergei Bobrovsky without a rebound.
5:47 of 3rd period - Anze Kopitar wins face-off versus Claude Giroux in Devils zone.
5:47 of 3rd period - Anze Kopitar is hit by Ben Chiarot.
6:15 of 3rd period - Wrist shot by Johnny Gaudreau.
6:15 of 3rd period - Stopped by Samuel Montembeault with a rebound.
6:17 of 3rd period - Wrist shot by Pavel Buchnevich.
6:17 of 3rd period - Deflect By Anze Kopitar.
6:17 of 3rd period - Shot Blocked by Ben Chiarot.
6:17 of 3rd period - Puck is out of play.
6:18 of 3rd period - Patrice Bergeron wins face-off versus Jake Guentzel in Capitals zone.
6:25 of 3rd period - Wrist shot by Patrice Bergeron.
6:25 of 3rd period - Stopped by Samuel Montembeault without a rebound.
6:26 of 3rd period - Patrice Bergeron wins face-off versus Jake Guentzel in Capitals zone.
6:30 of 3rd period - Minor Penalty to Ian Cole for Holding.
6:31 of 3rd period - Anze Kopitar wins face-off versus Darren Helm in Capitals zone.
7:03 of 3rd period - Wrist shot by Torey Krug.
7:03 of 3rd period - Deflect By Patrice Bergeron.
7:03 of 3rd period - Stopped by Samuel Montembeault without a rebound.
7:04 of 3rd period - Riley Sheahan wins face-off versus Patrice Bergeron in Capitals zone.
7:21 of 3rd period - Off-side.
7:22 of 3rd period - Anze Kopitar wins face-off versus Darren Helm in neutral zone.
8:15 of 3rd period - Snap shot by Joel Eriksson Ek.
8:15 of 3rd period - Goal by Joel Eriksson Ek - Devils : 2 - Capitals : 3.
8:16 of 3rd period - Johnny Gaudreau wins face-off versus Darren Helm in neutral zone.
8:30 of 3rd period - Penalty to Ian Cole is over, Ian Cole is back on ice.
8:52 of 3rd period - Neal Pionk is hit by Claude Giroux and loses puck.
9:34 of 3rd period - Minor Penalty to Radek Faksa for Roughing.
9:35 of 3rd period - Claude Giroux wins face-off versus Kyle Turris in Devils zone.
11:34 of 3rd period - Penalty to Radek Faksa is over, Radek Faksa is back on ice.
12:06 of 3rd period - Slapshot by Anton Stralman.
12:06 of 3rd period - Stopped by Sergei Bobrovsky with a rebound.
12:08 of 3rd period - Slapshot by Anton Stralman.
12:08 of 3rd period - Deflect By Patrice Bergeron.
12:08 of 3rd period - Stopped by Sergei Bobrovsky without a rebound.
12:09 of 3rd period - Sam Steel wins face-off versus Darren Helm in Devils zone.
12:45 of 3rd period - Radek Faksa is hit by Zach Bogosian and loses puck.
13:19 of 3rd period - Slapshot by Ben Chiarot.
13:19 of 3rd period - Stopped by Sergei Bobrovsky with a rebound.
13:21 of 3rd period - Wrist shot by Darren Helm.
13:21 of 3rd period - Deflect By Joel Eriksson Ek.
13:21 of 3rd period - Shot Misses the Net.
13:21 of 3rd period - Puck is out of play.
13:22 of 3rd period - Patrice Bergeron wins face-off versus Jake Guentzel in Devils zone.
13:34 of 3rd period - Torey Krug is hit by Damon Severson and loses puck.
13:37 of 3rd period - Minor Penalty to Ian Cole for Roughing.
13:38 of 3rd period - Darren Helm wins face-off versus Patrice Bergeron in Capitals zone.
14:35 of 3rd period - Slapshot by Damon Severson.
14:35 of 3rd period - Shot Blocked by Jeff Skinner.
15:13 of 3rd period - Elias Pettersson is hit by Pavel Buchnevich and loses puck.
15:28 of 3rd period - Zach Bogosian is hit by Patrice Bergeron.
15:37 of 3rd period - Penalty to Ian Cole is over, Ian Cole is back on ice.
15:48 of 3rd period - Snap shot by Sam Steel.
15:48 of 3rd period - Shot Misses the Net.
15:50 of 3rd period - Snap shot by Dominik Kahun.
15:50 of 3rd period - Stopped by Samuel Montembeault without a rebound.
15:51 of 3rd period - Claude Giroux wins face-off versus Sam Steel in Capitals zone.
16:00 of 3rd period - Snap shot by Kyle Turris.
16:00 of 3rd period - Stopped by Samuel Montembeault without a rebound.
16:01 of 3rd period - Claude Giroux wins face-off versus Kyle Turris in Capitals zone.
16:06 of 3rd period - Ian Cole is hit by Dominik Kahun and loses puck.
16:22 of 3rd period - Icing by Michael Del Zotto.
16:23 of 3rd period - Sam Steel wins face-off versus Darren Helm in Devils zone.
16:38 of 3rd period - Snap shot by Sam Steel.
16:38 of 3rd period - Shot Misses the Net.
17:08 of 3rd period - Dominik Kahun is hit by Brady Skjei and loses puck.
17:23 of 3rd period - Dominik Kahun is hit by Tyler Pitlick and loses puck.
18:03 of 3rd period - Slapshot by Torey Krug.
18:03 of 3rd period - Stopped by Samuel Montembeault with a rebound.
18:53 of 3rd period - Joel Eriksson Ek is hit by Kyle Turris.
19:12 of 3rd period - Minor Penalty to Kyle Turris for Tripping.
19:13 of 3rd period - Claude Giroux wins face-off versus Radek Faksa in Devils zone.
19:18 of 3rd period - Snap shot by Brock Nelson.
19:18 of 3rd period - Shot Blocked by Radek Faksa.
19:40 of 3rd period - Radek Faksa is hit by Ian Cole and loses puck.
19:51 of 3rd period - Wrist shot by Jake Guentzel.
19:51 of 3rd period - Stopped by Sergei Bobrovsky without a rebound.
19:52 of 3rd period - Jared Bednar call a timeout for Devils.
19:52 of 3rd period - Radek Faksa wins face-off versus Tomas Tatar in Devils zone.
19:52 of 3rd period - Radek Faksa is hit by Ian Cole.
Goals for this period are 0 for Devils vs 1 for Capitals.
Shots for this period are 7 for Devils vs 14 for Capitals. Output by the SimonT Hockey Simulator (STHS) for Alexandre Lamarre - Original Page W3C HTML5 Valid
Hockey Simulator - Hockey Simulation - Hockey Manager